[Event "Late-Titled-Tuesday-Blitz-September-19-2023"]
[Site "Chess.com"]
[Date "2023.09.19"]
[Round "2"]
[White "ChessWarrior7197"]
[Black "Mikasinski"]
[Result "1-0"]
[WhiteElo "3075"]
[BlackElo "2622"]
[TimeControl "180+1"]
[EndTime "14:17:33 PDT"]
[Termination "ChessWarrior7197 won by resignation"]

1. e4 c5 2. Nf3 d6 3. d4 cxd4 4. Nxd4 Nf6 5. Nc3 g6 6. Be3 Nc6 7. f3 Bg7 8. Qd2 O-O 9. O-O-O Bd7 10. h4 Rc8 11. Kb1 Ne5 12. h5 Nxh5 13. g4 Ng3 14. Rh3 Nxf1 15. Rxf1 Nc4 16. Qd3 Qb6 17. Bc1 Na3+ 18. Ka1 Qxd4 19. Rfh1 Qxd3 20. cxd3 h5 21. Nd5 Rfe8 22. R3h2 hxg4 23. fxg4 Nc2+ 24. Kb1 Nd4 25. Bh6 Be5 26. Bf4 Nf3 27. Bxe5 Nxh2 28. Bxh2 f6 29.
g5 fxg5 30. Bg1 Be6 31. Nc3 Bg4 32. Bxa7 Rf8 33. Rg1 Bh3 34. Rxg5 Kh7 35. Rg3 Be6 36. Bd4 Bd7 37. a4 e5 38. Be3 Rf1+ 39. Ka2 Be6+ 40.
Ka3 Rcf8 41. Rg2 R8f3 42. Re2 Bg4 43. Nd5 Rh3 44. Rc2 Rff3 45. Rc7+ Kh8 46. Bg5 Rxd3+ 47.
Ka2 Be6 48. Rxb7 Bxd5+ 49. exd5 Rxd5 50. Ra7 Rg3 51. Bf6+ Kg8 52. a5 Rg4 53. Ka3 Rf4 54.
Bg5 Rf3+ 55. b3 Rdd3 56. Rb7 Rf7 57. Rb6 Ra7 58. a6 e4 59. Rb8+ Kf7 60. Rb7+ Ke6 61. Rxa7 Kf5 62. Rf7+ Kxg5 63. a7 Rd2 64. a8=Q 1-0

[Event "Late-Titled-Tuesday-Blitz-September-19-2023"]
[Site "Chess.com"]
[Date "2023.09.19"]
[Round "2"]
[White "Danishcrown"]
[Black "Schwindle"]
[Result "0-1"]
[WhiteElo "2107"]
[BlackElo "2428"]
[TimeControl "180+1"]
[EndTime "14:17:33 PDT"]
[Termination "Schwindle won by checkmate"]

1. e4 e6 2. d4 d5 3. e5 c5 4. c3 Nc6 5. Nf3 Qb6 6. Bd3 Bd7 7. O-O cxd4 8. Re1 Nge7 9. h4 h6 10. Na3 dxc3 11. Nb5 Ng6 12. bxc3 a6 13. Be3 Qa5 14.
Bxg6 axb5 15. Bd3 Qxc3 16. Bxb5 Be7 17. Bd2 Qc5 18. a4 Qa7 19. Qe2 Rg8 20. Red1 g5 21. Be3 Qa5 22. hxg5 hxg5 23. Nd4 Rc8 24. Nb3 Qb4 25.
Rab1 Qh4 26. g3 Qh3 27. Qf3 Rh8 28. Qg2 Qxg2+ 29. Kxg2 Kf8 30. a5 Ra8 31. Nc5 Bxc5 32. Bxc5+ Kg7 33. a6 bxa6 34. Bxc6 Bxc6 35. Bd6 d4+ 36. Kf1 Bf3 37. Ke1 Bxd1 38. Rxd1 Rh1+ 39. Kd2 Rxd1+ 40. Kxd1 a5 41. Be7 Kg6 42. f4 gxf4 43. gxf4 Kf5 44. Bg5 Ke4 45. Kd2 a4 46. Kc2 a3 47. Kb3 d3 48. Kb4 d2 49. Kc4 d1=Q 50.
Kc5 Qd5+ 51. Kb6 a2 52. Kc7 a1=Q 53. Kb6 Qaa5# 0-1

[Event "Late-Titled-Tuesday-Blitz-September-19-2023"]
[Site "Chess.com"]
[Date "2023.09.19"]
[Round "2"]
[White "Qvalda"]
[Black "karinachess1"]
[Result "0-1"]
[WhiteElo "2339"]
[BlackElo "2607"]
[TimeControl "180+1"]
[EndTime "14:17:34 PDT"]
[Termination "karinachess1 won on time"]

1. d4 Nf6 2. c4 e6 3. Bf4 d5 4. cxd5 exd5 5. e3 Bb4+ 6. Nc3 c5 7. a3 Bxc3+ 8. bxc3 Nc6 9. Bd3 O-O 10. Ne2 c4 11.
Bc2 Bg4 12. f3 Bh5 13. O-O Bg6 14. Ng3 Re8 15. Bxg6 hxg6 16. Qc2 Qe7 17. Bg5 Qe6 18. Rae1 Nh7 19. f4 f6 20. f5 gxf5 21. Bf4 g5 22. Nxf5 gxf4 23. Rxf4 Ne7 24. Nh6+ Kh8 25. e4 Ng6 26. Rff1 dxe4 27. Qe2 Qd5 28. Rf5 Qd7 29.
Qh5 Qg7 30. Ng4 Re6 31. h3 Rae8 32. d5 Rd6 33. Ne3 Re5 34. Ref1 Rd8 35. Qg4 Rxf5 36. Nxf5 Qg8 37. Qxe4 Ng5 38. Qg4 Qxd5 39. Qh5+ Nh7 40.
Qxg6 Rg8 41. Qxg8+ Qxg8 42. Rf4 Qe6 43. Ng3 Qe3+ 44.
Rf2 Qxg3 45. Rf3 Qe1+ 46. Kh2 a5 0-1

[Event "Late-Titled-Tuesday-Blitz-September-19-2023"]
[Site "Chess.com"]
[Date "2023.09.19"]
[Round "2"]
[White "Thjop"]
[Black "pirulillo"]
[Result "1-0"]
[WhiteElo "2603"]
[BlackElo "2377"]
[TimeControl "180+1"]
[EndTime "14:17:34 PDT"]
[Termination "Thjop won by resignation"]

1. e4 c5 2. Nf3 e6 3. g3 d5 4. exd5 exd5 5. Bg2 Nf6 6. O-O Be7 7. d4 O-O 8. dxc5 Bxc5 9. Nbd2 h6 10. Nb3 Bb6 11.
h3 Nc6 12. c3 Ne4 13. Nbd4 Qf6 14. Be3 Re8 15. Re1 Bd7 16. Qb3 Rad8 17. Rad1 Nxd4 18. Bxd4 Bxd4 19. Rxd4 Bc6 20. Qd1 Nd6 21. Rxe8+ Rxe8 22. Rd2 Ne4 23. Re2 Rd8 24. Qd4 Qxd4 25. Nxd4 Nd6 26. h4 Kf8 27. Bf3 g6 28. h5 g5 29. Kf1 Re8 30.
Rxe8+ Kxe8 31. Ke2 Ke7 32. b3 Kf6 33. g4 Ke5 34.
Ke3 f5 35. Be2 f4+ 36. Kd3 Ne4 37. f3 Nc5+ 38. Kd2 Ne6 39. Kd3 Nxd4 40. cxd4+ Kd6 41.
Kc3 Bd7 42. Kb4 b6 43. a3 Bc6 44. a4 Bd7 45. a5 Bc6 46. Bb5 Bb7 47. Be8 Bc6 48.
Bxc6 Kxc6 49. axb6 axb6 50. Ka4 Kd7 51. Kb5 Kc7 52.
Ka6 Kc6 53. b4 1-0

[Event "Late-Titled-Tuesday-Blitz-September-19-2023"]
[Site "Chess.com"]
[Date "2023.09.19"]
[Round "2"]
[White "Misticpikachu"]
[Black "Abund"]
[Result "0-1"]
[WhiteElo "2532"]
[BlackElo "2769"]
[TimeControl "180+1"]
[EndTime "14:17:35 PDT"]
[Termination "Abund won by resignation"]

1. c4 Nf6 2. Nc3 c5 3. Nf3 d5 4. cxd5 Nxd5 5. g3 Nc6 6. Bg2 Nxc3 7. bxc3 e5 8. O-O Be7 9. d4 cxd4 10. cxd4 exd4 11. Bb2 Bf6 12. Qd2 O-O 13. Rfd1 Qe7 14. Nxd4 Nxd4 15. Bxd4 Bxd4 16. Qxd4 Qxe2 17. Re1 Qa6 18.
Qb4 Rb8 19. Re7 b6 20. Bd5 Bb7 21. Bxf7+ Kh8 22. Qg4 Qa3 23. Rae1 Qb2 24. h4 h6 25.
Qf4 Bd5 26. Qf5 Bxf7 27. Rxf7 Rxf7 28. Qxf7 a5 29. Re7 Rc8 30. Re8+ Rxe8 31. Qxe8+ Kh7 32. Qe4+ Kg8 33. a4 Qf6 34. Qd5+ Kh8 35. Qa8+ Kh7 36. Qb8 Qa1+ 37. Kg2 Qxa4 38. Qxb6 Qe4+ 39. Kh2 a4 40. Qa7 Qc2 41. Kg2 Qe4+ 42. Kh2 Qb4 43. Qa5 Qxa5 0-1

[Event "Late-Titled-Tuesday-Blitz-September-19-2023"]
[Site "Chess.com"]
[Date "2023.09.19"]
[Round "2"]
[White "CarlssonLudvig"]
[Black "DTChess"]
[Result "1-0"]
[WhiteElo "2730"]
[BlackElo "2513"]
[TimeControl "180+1"]
[EndTime "14:17:36 PDT"]
[Termination "CarlssonLudvig won on time"]

1. Nf3 Nf6 2. c4 g6 3. Nc3 Bg7 4.
e4 d6 5. d4 O-O 6. Be2 c5 7. O-O a6 8. d5 b5 9. cxb5 axb5 10.
Bxb5 Ba6 11. Qe2 Bxb5 12. Nxb5 Nbd7 13. Bd2 Qb6 14. a4 Rfb8 15. Bc3 Ng4 16. Nd2 Ngf6 17.
Nc4 Qd8 18. Kh1 Ne8 19. Qd2 Bxc3 20. Qxc3 Nc7 21. Nxc7 Qxc7 22. a5 Rb4 23. Ra3 Qa7 24. a6 Qc7 25. Rfa1 Nb6 26. Nd2 Ra7 27. b3 Qd7 28. f3 f5 29. Qd3 Rd4 30. Qe2 fxe4 31.
fxe4 h5 32. h3 e6 33. Nf3 Rb4 34. dxe6 Qxe6 35. Nd2 Kg7 36. Qe3 Qe5 37. Rf1 Nd5 38. Qf3 Nf6 39. Nc4 Qe6 40. Raa1 Nxe4 41. Rae1 d5 42.
Qf8+ Kh7 43. Nd2 Rb6 44. Nxe4 dxe4 45. Qxc5 Rbxa6 46. Qd4 Re7 47. Rf8 Rg7 48. Rxe4 Qxb3 49. Re1 Ra2 50. Qd8 Rg8 51. Rxg8 Qxg8 52. Re7+ Kh8 53.
Qd4+ 1-0

[Event "Late-Titled-Tuesday-Blitz-September-19-2023"]
[Site "Chess.com"]
[Date "2023.09.19"]
[Round "2"]
[White "Mikhail_Golubev"]
[Black "artin10862"]
[Result "0-1"]
[WhiteElo "2566"]
[BlackElo "2925"]
[TimeControl "180+1"]
[EndTime "14:17:41 PDT"]
[Termination "artin10862 won on time"]

1. e4 c5 2. Nf3 d6 3. d4 cxd4 4.
Nxd4 Nf6 5. Nc3 a6 6. Bc4 Nc6 7.
Nxc6 bxc6 8. e5 Ng8 9. exd6 exd6 10. O-O d5 11. Nxd5 cxd5 12. Bxd5 Be6 13. Bc6+ Bd7 14. Re1+ Be7 15. Bxa8 Qxa8 16. Bg5 Be6 17. Qh5 Qd5 18. h4 Nf6 19. Qe2 Qc6 20. c4 O-O 21. b3 h6 22. Bf4 Ng4 23. Bg3 Nf6 24. Qe5 Ra8 25. Qa5 Qb7 26. Re2 Bb4 27. Qe5 a5 28.
Rd1 Bf8 29. Qb5 Qa7 30. Bd6 Bg4 31. Bxf8 Rxf8 32. Rde1 Bxe2 33. Rxe2 Qc7 34. g3 Rd8 35.
Qe5 Qb6 36. Qe3 Rd1+ 37. Kg2 Qc6+ 38. f3 Qd7 39. Qe5 Qa7 40. c5 Rc1 41. Qd6 Qxc5 42. Qd8+ Kh7 43. Qd3+ g6 44. Re7 Qg1+ 0-1

[Event "Late-Titled-Tuesday-Blitz-September-19-2023"]
[Site "Chess.com"]
[Date "2023.09.19"]
[Round "2"]
[White "lefonghua"]
[Black "mishanick"]
[Result "1/2-1/2"]
[WhiteElo "2651"]
[BlackElo "3111"]
[TimeControl "180+1"]
[EndTime "14:17:42 PDT"]
[Termination "Game drawn by repetition"]

1. d4 Nf6 2. c4 e6 3. Nc3 d5 4.
cxd5 exd5 5. Bg5 c6 6. e3 Be7 7. Bd3 Nbd7 8. Qc2 Nh5 9. Bxe7 Qxe7 10. Nge2 Nb6 11. O-O Bg4 12. Rae1 g6 13. Nc1 O-O 14. f3 Be6 15. Nb3 Rad8 16. Nc5 Bc8 17. b4 f5 18. a4 Nd7 19. a5 a6 20. Nxd7 Qxd7 21. Na4 Qe7 22.
Nc5 Qf6 23. Qc3 Rfe8 24. Bc2 Re7 25. Nd3 f4 26. Ne5 fxe3 27. Rxe3 Nf4 28. g3 Nh3+ 29. Kg2 Ng5 30. Rfe1 Bh3+ 31. Kg1 Rde8 32. f4 Ne6 33. Bd3 Bf5 34. Bxf5 Qxf5 35. Nf3 Qf6 36. Qd2 Ng7 37. Rxe7 Rxe7 38. Re5 Nf5 39. Qe1 Kf8 40. Rxe7 Qxe7 41.
Kf2 Qd6 42. Qe5 Qxb4 43. Qh8+ Ke7 44. Qxh7+ Kd8 45. Qxg6 Qb2+ 46. Kg1 Qb1+ 47. Kf2 Qc2+ 48. Kg1 Qc1+ 49. Kg2 Ne3+ 50. Kh3 Qf1+ 51. Kh4 Qxf3 52. Qd6+ Kc8 53. Qe6+ Kc7 54. Qe7+ Kb8 55. Qf8+ Ka7 56. Qc5+ b6 57. Qxb6+ Ka8 58. Qxa6+ Kb8 59. Qb6+ Kc8 60.
Qxc6+ Kd8 61. Qd6+ Kc8 62. Qc6+ Kb8 63. Qb6+ Kc8 64. Qc6+ 1/2-1/2

[Event "Late-Titled-Tuesday-Blitz-September-19-2023"]
[Site "Chess.com"]
[Date "2023.09.19"]
[Round "2"]
[White "Baronessa08"]
[Black "Vaathi_Coming"]
[Result "0-1"]
[WhiteElo "2550"]
[BlackElo "2872"]
[TimeControl "180+1"]
[EndTime "14:17:42 PDT"]
[Termination "Vaathi_Coming won by resignation"]

1. Nf3 g6 2. c4 Bg7 3. Nc3 c5 4. g3 Nc6 5. Bg2 Nf6 6. d3 O-O 7. O-O d5 8. cxd5 Nxd5 9. Bd2 e6 10. Rc1 b6 11. Qa4 Bb7 12. Rfe1 h6 13. a3 a5 14. Qb3 Nce7 15. Na4 Bc6 16. e4 Bxa4 17. Qxa4 Nc7 18.
Qb3 Rb8 19. Bc3 Nc6 20. Bxg7 Kxg7 21. Qc3+ Kh7 22. e5 Nb5 23. Qc4 Nbd4 24. Nd2 Kg7 25. f4 Ne7 26. Ne4 Nef5 27. Nf6 b5 28. Qc3 c4 29.
dxc4 bxc4 30. Be4 Rb3 31. Qxc4 Rxb2 32. Qc7 Ne2+ 33. Kf1 Nxc1 34. Qxd8 Rxd8 35. Rxc1 Ne3+ 36. Kg1 g5 37. fxg5 hxg5 38. Re1 Nc4 39. Nh5+ Kf8 40.
Rf1 Nxe5 41. Nf6 Rdd2 42. Nh7+ Ke7 0-1

[Event "Late-Titled-Tuesday-Blitz-September-19-2023"]
[Site "Chess.com"]
[Date "2023.09.19"]
[Round "2"]
[White "Zkid"]
[Black "Maksimus1998"]
[Result "0-1"]
[WhiteElo "2941"]
[BlackElo "2603"]
[TimeControl "180+1"]
[EndTime "14:17:43 PDT"]
[Termination "Maksimus1998 won on time"]

1. e4 c5 2. Nf3 a6 3. c3 d5 4.
exd5 Qxd5 5. d4 e6 6. Be3 Nd7 7. c4 Qd6 8. Nc3 Ngf6 9. Be2 cxd4 10. Nxd4 Qc7 11. Qd2 Bb4 12. O-O O-O 13. Qc2 Ne5 14.
Bf4 Nf3+ 15. Bxf3 Qxf4 16. Rfd1 Qc7 17. a3 Bd6 18. g3 Bd7 19. Qe2 Rac8 20. Rac1 Rfd8 21.
b4 b6 22. Nb3 Bc6 23. Ne4 Bxe4 24. Bxe4 Nxe4 25. Qxe4 g6 26. c5 bxc5 27. Nxc5 Bxc5 28. Rxd8+ Qxd8 29. Rxc5 Qd1+ 30. Kg2 Rd8 31. Rc6 Qa4 32. Qf3 Qb5 33. Rc7 Rd7 34. Rc8+ Kg7 35. Qc3+ e5 36. Rc5 Qb7+ 37. Qf3 e4 38. Qc3+ Kh6 39. Qe3+ Kg7 40. Re5 Re7 41. Rxe7 Qxe7 42. Qd4+ Kh6 43. h4 f5 44. a4 Qe8 45. a5 Qb5 46. Qe3+ Kg7 0-1

[Event "Late-Titled-Tuesday-Blitz-September-19-2023"]
[Site "Chess.com"]
[Date "2023.09.19"]
[Round "2"]
[White "nitpicker"]
[Black "MalyDominator"]
[Result "1/2-1/2"]
[WhiteElo "2240"]
[BlackElo "2454"]
[TimeControl "180+1"]
[EndTime "14:17:43 PDT"]
[Termination "Game drawn by repetition"]

1. d4 Nf6 2. c4 g6 3. Nc3 Bg7 4. e4 d6 5. Be2 O-O 6. Nf3 e5 7.
O-O Nc6 8. d5 Ne7 9. a4 a5 10. b3 Nd7 11. Ne1 f5 12. f3 f4 13.
Nd3 g5 14. Ba3 b6 15. b4 Ng6 16. bxa5 Rxa5 17. Bb4 Ra8 18. a5 bxa5 19. Bxa5 Ba6 20. Nb4 Nc5 21. Nxa6 Rxa6 22. Nb5 Rxa5 23. Rxa5 c6 24.
Ra2 cxb5 25. cxb5 Qb6 26. Kh1 g4 27. Qb1 Nh4 28. fxg4 Ng6 29. Qb4 Bf6 30. Bf3 Nd3 31. Qd2 Nc5 32. Qa5 Rb8 33. Qxb6 Rxb6 34. Ra8+ Kg7 35. Rb1 Ne7 36. Ra7 Kf7 37. Rc7 Ke8 38. g5 Bxg5 39. Kg1 Kd8 40. Ra7 Bh4 41. Ra8+ Kc7 42. Rh8 Nd3 43. Rxh7 Bf6 44. Rf7 Bg5 45. Rg7 Bh4 46. g3 fxg3 47. hxg3 Bf6 48. Rf7 Bg5 49. Kg2 Nc5 50. Rg7 Bf6 51. Rf7 Bg5 52. Rg7 Bf6 53. Rf7 Nd7 54. Bg4 Bg5 55. Rg7 Bf6 56. Rf7 Bg5 57. Rg7 Bf6 58. Rf7 1/2-1/2

[Event "Late-Titled-Tuesday-Blitz-September-19-2023"]
[Site "Chess.com"]
[Date "2023.09.19"]
[Round "2"]
[White "ural58"]
[Black "Rsnr"]
[Result "1-0"]
[WhiteElo "2561"]
[BlackElo "2849"]
[TimeControl "180+1"]
[EndTime "14:17:45 PDT"]
[Termination "ural58 won by resignation"]

1. e4 c6 2. Nf3 d5 3. e5 c5 4. c3 Nc6 5. Bb5 Bg4 6. h3 Bxf3 7. Qxf3 e6 8. Qg3 Ne7 9. f4 h5 10. h4 Nf5 11. Qf2 c4 12. b3 a6 13. Bxc6+ bxc6 14. g3 Qa5 15. bxc4 dxc4 16. Qf3 Qd5 17. Qxd5 cxd5 18. Kf2 Rb8 19. Ba3 Kd7 20. Bxf8 Rhxf8 21. Na3 Rb2 22. Rhd1 Rfb8 23. Kf3 Kc6 24. Kf2 R8b6 25. Kf3 Kc5 26. Kf2 d4 27. Kf3 d3 28. g4 hxg4+ 29.
Kxg4 Kd5 30. h5 Nh6+ 31. Kf3 Nf5 32. Kg4 a5 33. Kg5 Nh6 34. Rab1 Rxb1 35. Rxb1 Rxb1 36. Nxb1 Nf5 37. Na3 Ng3 38. Kg4 Ne4 39. Nb1 f6 40. exf6 Nxf6+ 41. Kg5 Ke4 42. Na3 Kf3 43. Nxc4 Ke2 44. Kg6 Ne4 45. Kxg7 Nxd2 46. Ne5 Nf3 47. Nxd3 Kxd3 48. h6 Kxc3 49. h7 Nd4 50. h8=Q a4 51.
Qc8+ Kb4 52. Qd7 Kc4 53. Qxa4+ 1-0

[Event "Late-Titled-Tuesday-Blitz-September-19-2023"]
[Site "Chess.com"]
[Date "2023.09.19"]
[Round "2"]
[White "AlexandraBotez"]
[Black "szachmistrz2500"]
[Result "0-1"]
[WhiteElo "2299"]
[BlackElo "2503"]
[TimeControl "180+1"]
[EndTime "14:17:45 PDT"]
[Termination "szachmistrz2500 won by resignation"]

1. d4 c5 2. d5 e5 3. c4 d6 4.
Nc3 Ne7 5. g3 Ng6 6. Bg2 a6 7.
Nf3 Be7 8. O-O h5 9. h4 Nd7 10. Bg5 Nf6 11. Nd2 Ng4 12. Bxe7 Qxe7 13. e4 Bd7 14. a4 f5 15. exf5 Bxf5 16. Nde4 O-O 17.
Ng5 Bd7 18. Be4 Bf5 19. Qe2 Rf6 20. f3 Nh6 21. Kg2 Raf8 22. Rf2 Nf7 23. Bxf5 Rxf5 24. Ne6 Re8 25. Qd3 Nh6 26. Ne4 Nf8 27. N6g5 Qd7 28. b3 Nf7 29. Raf1 Nxg5 30. Nxg5 g6 31. Qc2 b5 32. axb5 axb5 33. cxb5 Qxb5 34. g4 hxg4 35.
fxg4 Rxf2+ 36. Qxf2 Qb7 37. Rd1 e4 38. Qe3 Qe7 39.
h5 gxh5 40. gxh5 Nd7 41. Rg1 Kh8 42. Kh1 Nf6 43. Ne6 Rg8 44. Qh6+ Nh7 45. Rg6 Qf7 46. Rxg8+ Kxg8 47. Qg6+ Qxg6 48. hxg6 Nf8 49. Nxf8 Kxf8 50. Kg2 Kg7 51. Kg3 Kxg6 52. Kf4 Kf6 53. Kxe4 Kg5 54. Kd3 Kf4 55. Kc4 Ke5 56. b4 cxb4 57. Kxb4 Kxd5 58. Kb3 Kd4 59. Kb2 Kd3 60. Kc1 d5 61. Kd1 d4 62. Ke1 Kc2 0-1

[Event "Late-Titled-Tuesday-Blitz-September-19-2023"]
[Site "Chess.com"]
[Date "2023.09.19"]
[Round "2"]
[White "HamedWafa4"]
[Black "nihalsarin"]
[Result "1/2-1/2"]
[WhiteElo "2647"]
[BlackElo "3097"]
[TimeControl "180+1"]
[EndTime "14:17:50 PDT"]
[Termination "Game drawn by repetition"]

1. e4 e6 2. d4 d5 3. e5 c5 4. c3 Nc6 5. Nf3 Qb6 6. Be2 Nh6 7. Bxh6 gxh6 8. Qd2 Bd7 9. O-O Rg8 10. Na3 cxd4 11.
cxd4 a6 12. Nc2 Qa5 13. Qd3 Rg7 14. a3 Rc8 15. b4 Qb6 16. Rac1 Ne7 17. Ne3 Rxc1 18. Rxc1 Nc6 19. h3 Be7 20. Ng4 h5 21. Nf6+ Bxf6 22. exf6 Rg6 23. Ne5 Rxf6 24. Nxc6 Bxc6 25.
Bxh5 Ke7 26. Bf3 h6 27. Qe3 a5 28. Rb1 axb4 29. Rxb4 Qc7 30. Qc3 Kf8 31. Rb1 Kg7 32. a4 Qf4 33. a5 Rg6 34. Qe3 Qc7 35. Qe5+ Qxe5 36. dxe5 Rg5 37. Rb6 Be8 38. Rxb7 Rxe5 39.
Rb1 d4 40. Ra1 d3 41. a6 d2 42. Kh2 Bc6 43. a7 Bxf3 44. gxf3 d1=Q 45. Rxd1 Ra5 46. Rd7 Kg6 47. Kg3 h5 48. h4 Ra4 49. Rb7 f6 50. f4 Ra3+ 51. f3 Ra2 52. Rc7 Kf5 53. Rh7 Kg6 54.
Rc7 Kf5 55. Rd7 Kg6 56. Re7 Kf5 57. Rc7 Kg6 58. Rb7 Kf5 59. Rc7 Kg6 60. Rb7 Kf5 61.
Rc7 1/2-1/2

[Event "Late-Titled-Tuesday-Blitz-September-19-2023"]
[Site "Chess.com"]
[Date "2023.09.19"]
[Round "2"]
[White "FrancescoSorcinelli"]
[Black "MelihKaanCan"]
[Result "1-0"]
[WhiteElo "2142"]
[BlackElo "2397"]
[TimeControl "180+1"]
[EndTime "14:17:50 PDT"]
[Termination "FrancescoSorcinelli won on time"]

1. Nf3 Nf6 2. g3 b6 3. Bg2 Bb7 4. O-O e6 5. d4 Be7 6. c4 O-O 7. Nc3 Ne4 8. Qc2 Nxc3 9. bxc3 d6 10. e4 Nd7 11. a4 a5 12. Bf4 Bf6 13. Rad1 Qc8 14. h4 h6 15. Rfe1 e5 16. Be3 Re8 17.
Nd2 Nf8 18. Kh2 Bc6 19. Bh3 Bd7 20. Bxd7 Nxd7 21. d5 Nf8 22. h5 Kh7 23. Qd3 Bg5 24. Qe2 Bxe3 25. fxe3 Nd7 26. Rf1 f6 27. Nf3 Nc5 28. Nh4 Nxe4 29. Nf5 Ng5 30. Qg4 e4 31. Rd4 Re5 32. Rf4 Qd7 33. Rdxe4 Rxe4 34. Rxe4 Nxe4 35.
Qxe4 Kg8 36. Qg4 Kh8 37. e4 Re8 38. Qg6 Rxe4 39. Nxh6 Re2+ 40. Kg1 gxh6 41. Qxh6+ Kg8 42. Qxf6 Qg7 43. Qd8+ Kh7 44. Qh4 Re1+ 45. Kf2 Re5 46. g4 Qf7+ 47. Kg2 Re2+ 48. Kg1 Qg7 49. g5 Qxc3 50.
g6+ 1-0

[Event "Late-Titled-Tuesday-Blitz-September-19-2023"]
[Site "Chess.com"]
[Date "2023.09.19"]
[Round "2"]
[White "Korchmar_Vasiliy"]
[Black "Sjakkerntobi"]
[Result "1-0"]
[WhiteElo "2752"]
[BlackElo "2518"]
[TimeControl "180+1"]
[EndTime "14:17:51 PDT"]
[Termination "Korchmar_Vasiliy won by checkmate"]

1. e4 e6 2. d4 d5 3. e5 c5 4. c3 Qb6 5. Nf3 Bd7 6. Be2 Bb5 7. O-O Bxe2 8. Qxe2 Nc6 9. dxc5 Bxc5 10. b4 Bf8 11. a4 Nge7 12. a5 Qc7 13. Na3 a6 14. Be3 Nxe5 15.
Bb6 Nxf3+ 16. Qxf3 Qc6 17. Rab1 Ng6 18. b5 axb5 19.
Nxb5 Bd6 20. c4 O-O 21. cxd5 exd5 22. Rfc1 Qd7 23. Nxd6 Qxd6 24. Bc5 Qe6 25. Bxf8 Nxf8 26. Rxb7 Rxa5 27. Rb8 Qe5 28. Qb3 Ra1 29. Rxa1 Qxa1+ 30. Qb1 Qe5 31. g3 g6 32. Qb5 Kg7 33. Qb2 Qxb2 34.
Rxb2 Ne6 35. Rb7 Kf6 36. Rd7 d4 37. Kg2 h5 38. f4 Kg7 39. Kf3 Kf8 40. h3 Ke8 41.
Rd5 Ke7 42. g4 hxg4+ 43. hxg4 Kf6 44. Rd6 Ke7 45. Rd5 Kf6 46. Rd7 Kg7 47. Kg3 Kf8 48. f5 gxf5 49. gxf5 Ng7 50. Kg4 Ne8 51. Rxd4 Kg7 52.
Ra4 Nf6+ 53. Kg5 Nd5 54. Ra7 Nf6 55. Rb7 Ne4+ 56. Kf4 Nf6 57. Ke5 Ng4+ 58. Ke4 Nf6+ 59. Kf4 Nd5+ 60. Kg5 Nf6 61. Rb1 Ne4+ 62. Kf4 Nd6 63.
Rg1+ Kf6 64. Ra1 Kg7 65. Ra6 Ne8 66. Kg5 Kh7 67. f6 Nc7 68. Ra7 Ne6+ 69. Kh5 Kg8 70. Kh6 Nf8 71. Ra8 Kh8 72. Rxf8# 1-0

[Event "Late-Titled-Tuesday-Blitz-September-19-2023"]
[Site "Chess.com"]
[Date "2023.09.19"]
[Round "2"]
[White "Njal28"]
[Black "dawid498"]
[Result "1-0"]
[WhiteElo "3112"]
[BlackElo "2641"]
[TimeControl "180+1"]
[EndTime "14:17:52 PDT"]
[Termination "Njal28 won by resignation"]

1. d4 Nf6 2. c4 g6 3. Nc3 Bg7 4. e4 O-O 5. Be2 d6 6. Nf3 e5 7. O-O h6 8. Re1 Nbd7 9. Rb1 Re8 10. d5 Nc5 11. Nd2 a5 12. b3 Nh7 13. a3 f5 14.
b4 Na6 15. Qc2 Nf6 16. Bd3 f4 17. c5 Re7 18. cxd6 cxd6 19. Nc4 axb4 20. axb4 Ne8 21.
Ba3 f3 22. b5 Nc5 23. Bxc5 dxc5 24. g3 Nd6 25. Ra1 Rb8 26. b6 Kh7 27. Nxd6 Qxd6 28. Nb5 Qxb6 29. Reb1 Qf6 30. Qxc5 Bh3 31. Qd6 Qf8 32. Qb6 Bg2 33. Bf1 Bxf1 34. Rxf1 Rc8 35. Qe3 Qf6 36. Ra3 Rf7 37. Rd1 h5 38. d6 Bh6 39.
Qb3 Rd8 40. Qd5 Rff8 41. Ra7 h4 42. Rxb7+ Kh8 43. Qc6 hxg3 44. hxg3 Bg7 45. Qc7 Rg8 46. Qe7 Qxe7 47. Rxe7 Bf8 48. Rc7 Rg7 49. d7 Be7 50. Rc8 Rgg8 51. Rxd8 Rxd8 52. Nc7 Rg8 53. Ne6 Bd8 54. Rc1 g5 55. Rc8 Bf6 56. Rxg8+ Kxg8 57.
d8=Q+ Bxd8 58. Nxd8 1-0

[Event "Late-Titled-Tuesday-Blitz-September-19-2023"]
[Site "Chess.com"]
[Date "2023.09.19"]
[Round "2"]
[White "ArtemDyachuk"]
[Black "AyMitecK"]
[Result "1-0"]
[WhiteElo "2715"]
[BlackElo "2505"]
[TimeControl "180+1"]
[EndTime "14:17:53 PDT"]
[Termination "ArtemDyachuk won by checkmate"]

1. e4 e6 2. d4 d5 3. e5 c5 4. c3 Nc6 5. Nf3 Qb6 6. a3 Nh6 7.
b4 cxd4 8. Bxh6 gxh6 9. cxd4 Rg8 10. h3 Bd7 11. g3 Rc8 12. Be2 a6 13. O-O Na7 14. Bd3 Bb5 15. Re1 Bxd3 16. Qxd3 Rg7 17. Nbd2 Nb5 18. Rac1 Rxc1 19. Rxc1 Na7 20. Nb3 Nc6 21.
Na5 Be7 22. Nxc6 bxc6 23. Qc2 Kd7 24. Qd2 Bg5 25. Nxg5 hxg5 26. Rc5 h6 27. Qe2 Rg8 28. Qf3 Ke8 29. Qf6 h5 30. Qh6 h4 31. Qh7 Kf8 32.
Qh6+ Ke8 33. Qh7 Kf8 34. Rc3 hxg3 35. Rxg3 Qxd4 36. Rf3 Rg7 37. Qh8+ Rg8 38. Qf6 Qa7 39. Qxe6 g4 40. hxg4 Rg5 41. Qf6 Rxg4+ 42. Kh1 Qe7 43.
Qh8+ Rg8 44. Qh6+ Ke8 45. Qxc6+ Kf8 46. Qc8+ Kg7 47. Rg3+ Kh6 48. Qxg8 Qh4+ 49. Kg1 Qh5 50. Qh8# 1-0

[Event "Late-Titled-Tuesday-Blitz-September-19-2023"]
[Site "Chess.com"]
[Date "2023.09.19"]
[Round "2"]
[White "TheoSlade"]
[Black "Zampronha1971"]
[Result "0-1"]
[WhiteElo "2482"]
[BlackElo "2289"]
[TimeControl "180+1"]
[EndTime "14:17:54 PDT"]
[Termination "Zampronha1971 won by resignation"]

1. d4 Nf6 2. c4 e6 3. g3 d5 4. Bg2 Be7 5. Nf3 O-O 6. O-O b6 7. cxd5 exd5 8. Nc3 Bb7 9. Bf4 c6 10. Ne5 Re8 11. Qa4 Bd6 12. Rac1 Nh5 13. Bf3 Nxf4 14. gxf4 a5 15. e3 b5 16. Qc2 Nd7 17. h3 Nf6 18.
Kh2 a4 19. a3 Nd7 20. Rg1 Nf8 21. Bh5 Re7 22. Ne2 Rc8 23. Ng3 f6 24. Nf5 fxe5 25. fxe5 Bb8 26. Rg3 Qd7 27. Rcg1 g6 28. Nxe7+ Qxe7 29.
Bxg6 Nxg6 30. Rxg6+ Kh8 31. R6g5 Rf8 32. Qe2 c5 33. Qg4 Qf7 34. Rg2 Bc8 35. Qg3 cxd4 36. exd4 Be6 37. Rg7 Qf4 38. Qxf4 Rxf4 39. Rb7 Rf8 40.
Rgg7 Bf5 41. Kg2 Be4+ 42. Kf1 Bg6 43. e6 Bd6 44. Rgd7 Bf4 45. Ke1 Bg5 46. Kd1 Re8 47. e7 Kg8 48. Rxb5 Kf7 49. Rbxd5 Bf6 50. Ra5 Bxe7 51.
Rxa4 Bf5 52. Rd5 Be6 53. Rh5 Bb3+ 54. Kc1 Bxa4 55. Rxh7+ Kg6 56. b3 Kxh7 57. bxa4 Ra8 58. f4 Rxa4 0-1

[Event "Late-Titled-Tuesday-Blitz-September-19-2023"]
[Site "Chess.com"]
[Date "2023.09.19"]
[Round "2"]
[White "StarkyNZ"]
[Black "SaqoChess_Twitch"]
[Result "1/2-1/2"]
[WhiteElo "2310"]
[BlackElo "2667"]
[TimeControl "180+1"]
[EndTime "14:17:55 PDT"]
[Termination "Game drawn by repetition"]

1. c4 e6 2. d4 d5 3. Nf3 Nf6 4. cxd5 exd5 5. Bf4 Bd6 6. Bg3 O-O 7. Nc3 Nc6 8. e3 a6 9. Rc1 Ne7 10. Bd3 Bf5 11.
Qc2 Bxd3 12. Qxd3 g6 13. Be5 Bxe5 14. Nxe5 Nf5 15. O-O c6 16. Na4 Nd6 17. Nc5 Nfe4 18. f3 Nxc5 19. Rxc5 f6 20. Ng4 Qe7 21. b3 Kg7 22.
Re1 Rae8 23. Rc2 Qd7 24. Rce2 Re7 25. Nf2 Rfe8 26. Nd1 Re6 27. Nc3 f5 28. Na4 Qf7 29. Nc5 R6e7 30. a4 a5 31. Qc3 f4 32. e4 dxe4 33.
Nxe4 Nxe4 34. Rxe4 Rxe4 35. Rxe4 Rxe4 36. fxe4 Qf6 37. Qc5 g5 38. Qb6 Kg6 39. e5 Qf5 40.
Qd8 Qb1+ 41. Kf2 Qc2+ 42. Kf1 Qd1+ 43. Kf2 Qd2+ 44. Kf1 Kf5 45. Qf6+ Ke4 46. e6 Qc1+ 47. Kf2 Qb2+ 48. Kf1 Qb1+ 49. Kf2 Qa2+ 50. Kf1 Qa1+ 51. Kf2 Qa2+ 52. Kf1 Kd3 53. Qe5 Qb1+ 54. Kf2 Qc2+ 55. Kf1 Qc1+ 56. Kf2 Qc2+ 57. Kf1 Qc1+ 58. Kf2 Qc2+ 1/2-1/2